 Dungeon Crawl Stone Soup version 0.30-b1-2-g02819fbbbe (webtiles) character file.

Game seed: 17070377799918547525

21574 LLlMATKO the Fighter (level 12, -12/172 HPs)
             Began as a Minotaur Berserker on July 29, 2023.
             Was a High Priest of Trog.
             Mangled by Rupert
             ... wielding a +2 vampiric great sword
              (21 damage)
             ... on level 4 of the Lair of Beasts.
             The game lasted 00:12:23 (14425 turns).

LLlMATKO the Fighter (Minotaur Berserker)          Turns: 14425, Time: 00:12:24

Health: -12/172    AC: 19    Str: 32    XL:     12   Next: 55%
Magic:  0/11       EV: 14    Int:  4    God:    Trog [*****.]
Gold:   1158       SH:  0    Dex: 17    Spells: 11/11 levels left

rFire   . . .        J - +1 war axe of the Hero {freeze, rCorr Stlth+}
rCold   . . .        n - orb {light}
rNeg    . . .        K - +0 plate armour
rPois   .            (helmet restricted)
rElec   .            I - +0 cloak
rCorr   +            (no gloves)
SInv    .            z - +0 pair of boots
Will    .....        v - amulet of guardian spirit Stlth
                     G - +6 ring of dexterity
HPRegen 0.48/turn    N - +6 ring of strength
MPRegen 0.12/turn

%: guardian spirit
@: berserking, glowing, very quick
A: horns 2, retaliatory headbutt
a: Renounce Religion, Berserk, Trog's Hand, Brothers in Arms


You were on level 4 of the Lair of Beasts.
You worshipped Trog.
Trog was extremely pleased with you.
You visited 2 branches of the dungeon, and saw 14 of its levels.
You also visited: Ossuary.

You collected 1158 gold pieces.

Inventory:

Hand Weapons
 f - a +2 trident of flaming
 q - a +1 antimagic hand axe
 x - a +1 vampiric hand axe
 J - the +1 war axe of the Hero (weapon) {freeze, rCorr Stlth+}
   (You found it on level 5 of the Dungeon)

   rCorr:     It protects you from acid and corrosion.
   Stlth:     It makes you more stealthy.
 L - a +0 hand axe of flaming
Missiles
 t - 45 poisoned darts (quivered)
 A - 6 datura-tipped darts
 V - a curare-tipped dart
Armour
 n - an orb of light (worn)
 z - a +0 pair of boots (worn)
 I - a +0 cloak (worn)
 K - a +0 plate armour (worn)
Jewellery
 v - an amulet of guardian spirit (around neck)
 G - a +6 ring of dexterity (left hand)
 N - a +6 ring of strength (right hand)
 S - a +6 ring of dexterity
Wands
 r - a wand of paralysis (12)
 H - a wand of flame (25)
 M - a wand of mindburst (5)
 O - a wand of polymorph (8)
 U - a wand of roots (2)
 W - a wand of digging (3)
Scrolls
 c - a scroll of poison
 g - 4 scrolls of blinking {unknown}
 h - 6 scrolls of vulnerability {unknown}
 i - 20 scrolls of identify {unknown}
 j - a scroll of enchant armour {unknown}
 m - 5 scrolls of enchant weapon {unknown}
 o - 6 scrolls of noise {unknown}
 p - 2 scrolls of fog {unknown}
 s - a scroll of torment {unknown}
 u - 7 scrolls of teleportation {unknown}
 y - a scroll of acquirement {unknown}
 C - 2 scrolls of amnesia {unknown}
 Q - a scroll of butterflies {unknown}
 R - a scroll of magic mapping
 X - a scroll of fear {unknown}
Potions
 a - 3 potions of haste {unknown}
 b - 2 potions of attraction {unknown}
 d - 2 potions of degeneration {unknown}
 e - 10 potions of curing {unknown}
 k - 3 potions of might
 l - 4 potions of invisibility {unknown}
 w - 5 potions of lignification {unknown}
 B - a potion of magic {unknown}
 D - a potion of flight {unknown}
 E - 2 potions of brilliance {unknown}
 F - 3 potions of heal wounds {unknown}
 P - a potion of mutation {unknown}
 T - 2 potions of cancellation {unknown}


   Skills:
 + Level 13.2 Fighting
 + Level 13.1 Axes
 + Level 12.9 Armour
 + Level 11.8 Dodging


You had 11 spell levels left.
You didn't know any spells.
Your spell library was empty.

Dungeon Overview and Level Annotations

Branches:
Dungeon (10/15)            Temple (0/1) D:5            Lair (4/5) D:8
 Shoals (0/4) Lair:3        Snake (0/4) Lair:2          Orc (0/2) D:9
Ossuary (visited)
  Slime: Lair:4-5

Altars:
Elyvilon
Gozag
Kikubaaqudgha
Nemelex Xobeh
Zin

Shops:
D:5 *?**

Annotations:
D:8 3 runed translucent doors, rinqtmith's ghost, novice TrFi
D:9 3 runed translucent doors, exclusion: ice statue, discopopstar's ghost, novice DECj
Lair:4 Rupert


Innate Abilities, Weirdness & Mutations

You have a pair of horns on your head.
You reflexively headbutt those who attack you in melee.


Message History

Rupert screams, "You killed all those lovely monsters, you murderer!"
Rupert is nearby!
You slash Rupert! You freeze Rupert. You headbutt Rupert!
Rupert is moderately wounded.
Rupert roars madly and goes into a rage!
Rupert goes berserk!
You barely miss Rupert. You headbutt Rupert!
Rupert is moderately wounded.
Rupert hits you with a +2 vampiric great sword!!
You slash Rupert! You freeze Rupert. You headbutt Rupert.
Rupert is moderately wounded.
Rupert hits you with a +2 vampiric great sword!
You hit Rupert. You freeze Rupert.
Rupert is moderately wounded.
Rupert hits you with a +2 vampiric great sword!!
Rupert draws strength from your wounds!
Rupert hits you with a +2 vampiric great sword!!
Rupert draws strength from your wounds!
A red film seems to cover your vision as you go berserk!
You feel yourself moving faster!
You feel mighty!
Rupert hits you with a +2 vampiric great sword!!
* * * LOW HITPOINT WARNING * * *
You slice Rupert!! You freeze Rupert!
Rupert is moderately wounded.
Rupert hits you with a +2 vampiric great sword!
* * * LOW HITPOINT WARNING * * *
You barely miss Rupert.
Rupert is moderately wounded.
Rupert completely misses you.
You slice Rupert!! You freeze Rupert. You headbutt Rupert!
Rupert is heavily wounded.
Rupert hits you with a +2 vampiric great sword!!
* * * LOW HITPOINT WARNING * * *
Rupert draws strength from your wounds!
You slash Rupert! You freeze Rupert.
Rupert is heavily wounded.
You slice Rupert!! You freeze Rupert!
Rupert is severely wounded.
Rupert hits you with a +2 vampiric great sword!!
You die...

..## #~P~~P~~~P~P.
...###~P~~~P~~~~P...
....#~~..~..~..~~..
..................#
..................#
....#...#P.#......####
...........##.P......##
♣~~♣♣...........#.....#.
~♣♣~~~~~♣.......@.......
♣ ~~~~~♣~~♣†.####@...##.
~♣~~♣~~~♣~~### .....#
≈≈~P♣~~~~♣..# .!..##
≈≈≈~~~~~P♣P## #...#
≈≈≈≈~♣~~~~♣♣ ...#
≈≈≈≈~~~~~P #.P. ≈≈~P~♣~~
.... ≈~♣~~~~~


You could see Rupert (berserk).

Vanquished Creatures
  4 hydras
  A two-headed ogre (D:10)
  A skyshark (Lair:2)
  Lodul (D:10)
  2 black mambas
  6 komodo dragons
  A kobold demonologist (D:9)
  9 cane toads
  A rime drake (Lair:1)
  An ice devil (D:9)
  2 trolls
  6 blink frogs
  A snapping turtle (Lair:3)
  A vampire (D:10)
  11 yaks
  2 wraiths
  3 wyverns
  Menkaure (D:6)
  A steam dragon (Lair:3)
  3 nagas (Lair:2)
  2 acid dragons (D:9)
  12 water moccasins
  Duvessa (D:4)
  A black bear (D:8)
  2 ice beasts
  2 orc warriors
  2 sky beasts
  11 ogres
  5 centaurs
  A phantom (D:7)
  5 kobold brigands
  Blork the orc (D:4)
  12 bullfrogs
  A gnoll sergeant (D:6)
  10 wights
  Dowan (D:4)
  9 killer bees
  3 howler monkeys (D:8)
  3 hounds
  A human zombie (Ossuary)
  9 orc priests
  2 jellies (D:7)
  A gnoll bouda (D:6)
  3 iguanas
  A sleepcap (D:5)
  Jessica (D:3)
  Ijyb (D:3)
  6 orc wizards
  3 mummies (Ossuary)
  10 gnolls (D:6)
  5 adders
  2 white imps
  6 ufetubi (D:9)
  A worm (D:4)
  A dart slug (D:2)
  34 orcs
  12 ball pythons
  7 endoplasms
  5 giant cockroaches
  6 goblins
  13 hobgoblins
  6 jackals
  23 kobolds
  5 quokkas
  4 bats
  3 frilled lizards
  4 goblin zombies (Ossuary)
  4 hobgoblin zombies
  4 kobold zombies
  9 rats
334 creatures vanquished.

Vanquished Creatures (others)
  A bush (Lair:3)
  11 fungi
  19 plants
31 creatures vanquished.

Grand Total: 365 creatures vanquished

Notes
Turn   | Place    | Note
-------+----------+-------------------------------------------
     0 | D:1      | LLlMATKO the Minotaur Berserker began the quest for the
                  | Orb.
     0 | D:1      | Reached XP level 1. HP: 19/19 MP: 0/0
   178 | D:1      | Reached XP level 2. HP: 27/27 MP: 1/1
   275 | D:1      | Reached ** piety under Trog
   360 | D:1      | Reached XP level 3. HP: 33/33 MP: 2/2
  1273 | D:2      | Reached XP level 4. HP: 24/40 MP: 3/3
  1373 | D:2      | Identified the +2 robe "Vuchae Anami" {rN+}
  1827 | D:3      | Noticed Jessica
  1832 | D:3      | Killed Jessica
  1840 | D:3      | Reached *** piety under Trog
  1863 | D:3      | Identified the +3 ring mail "Ininyisch" {*Corrode rPois
                  | rC++ SInv}
  1994 | D:3      | Noticed Ijyb
  1997 | D:3      | Noticed an ogre
  1997 | D:3      | Paralysed by Ijyb for 4 turns
  2006 | D:3      | Killed Ijyb
  2007 | D:3      | Reached XP level 5. HP: 46/47 MP: 1/4
  2009 | D:3      | Killed an ogre
  2010 | D:3      | Reached skill level 5 in Fighting
  2010 | D:3      | Reached skill level 5 in Axes
  2364 | D:4      | Reached XP level 6. HP: 56/56 MP: 1/5
  2532 | D:4      | Noticed Dowan
  2534 | D:4      | Noticed Duvessa
  2540 | D:4      | Killed Dowan
  2544 | D:4      | Killed Duvessa
  2730 | D:4      | Reached skill level 5 in Armour
  2747 | D:4      | Reached XP level 7. HP: 48/62 MP: 2/6
  2812 | D:4      | Noticed Blork the orc
  2821 | D:4      | Killed Blork the orc
  3283 | D:5      | Entered Level 5 of the Dungeon
  3301 | D:5      | Found Romurhau's Magic Scroll Shop.
  3529 | D:5      | Reached skill level 5 in Dodging
  3570 | D:5      | Found a staircase to the Ecumenical Temple.
  3591 | D:5      | Noticed a wraith
  3593 | D:5      | Found Zoikof's General Store.
  3608 | D:5      | Killed a wraith
  3699 | D:5      | Reached XP level 8. HP: 58/71 MP: 7/7
  3801 | D:5      | Reached **** piety under Trog
  3838 | D:5      | Found Qaed's General Store.
  3889 | D:5      | Found an opulent altar of Gozag.
  3908 | D:5      | Found Josuh's General Store.
  4053 | D:5      | Identified the +1 war axe of the Hero {freeze, rCorr
                  | Stlth+}
  4249 | D:6      | Found a sand-covered staircase.
  4258 | Ossuary  | Entered an ossuary
  4964 | D:6      | Noticed Menkaure
  4967 | D:6      | Killed Menkaure
  5124 | D:6      | Found a sparkling altar of Nemelex Xobeh.
  5124 | D:6      | Found an ancient bone altar of Kikubaaqudgha.
  5150 | D:6      | Reached XP level 9. HP: 81/81 MP: 8/8
  6226 | D:8      | Reached ***** piety under Trog
  6370 | D:8      | Found a runed translucent gate.
  6370 | D:8      | Found a runed translucent gate.
  6389 | D:8      | Found a runed translucent gate.
  6389 | D:8      | Noticed a nine-headed hydra
  6389 | D:8      | Noticed a ten-headed hydra
  6389 | D:8      | Noticed rinqtmith's ghost (novice TrFi)
  6717 | D:8      | Reached XP level 10. HP: 89/91 MP: 7/9
  6834 | D:8      | Found a staircase to the Lair.
  7444 | D:9      | Found a staircase to the Orcish Mines.
  7457 | D:9      | Noticed an ice statue
  7832 | D:9      | Found a glowing silver altar of Zin.
  7887 | D:9      | Noticed a sun demon
  8127 | D:9      | Reached skill level 10 in Fighting
  8127 | D:9      | Reached skill level 10 in Axes
  8143 | D:9      | Found a white marble altar of Elyvilon.
  8251 | D:9      | Found a runed translucent gate.
  8251 | D:9      | Found a runed translucent gate.
  8251 | D:9      | Found a runed translucent gate.
  8252 | D:9      | Noticed a spectral centaur warrior
  8252 | D:9      | Noticed discopopstar's ghost (novice DECj)
  8252 | D:9      | Noticed a spectral centaur warrior
  8585 | D:10     | Entered Level 10 of the Dungeon
  9110 | D:10     | Reached skill level 10 in Armour
  9188 | D:10     | Noticed Lodul
  9196 | D:10     | Killed Lodul
  9531 | D:10     | Reached XP level 11. HP: 97/101 MP: 10/10
  9587 | D:10     | Noticed a two-headed ogre
  9596 | D:10     | Killed a two-headed ogre
  9852 | Lair:1   | Entered Level 1 of the Lair of Beasts
  9884 | Lair:1   | Received a gift from Trog
  9915 | Lair:1   | Reached skill level 10 in Dodging
 10312 | Lair:1   | Noticed a seven-headed hydra
 10321 | Lair:1   | Killed a four-headed hydra
 11654 | Lair:2   | Found a staircase to the Snake Pit.
 12017 | Lair:2   | Noticed a skyshark
 12028 | Lair:2   | Killed a skyshark
 12187 | Lair:2   | Reached XP level 12. HP: 113/113 MP: 11/11
 12506 | Lair:2   | Noticed a four-headed hydra
 12517 | Lair:2   | Killed a one-headed hydra
 12893 | Lair:3   | Noticed a five-headed hydra
 12902 | Lair:3   | Killed a three-headed hydra
 13274 | Lair:3   | Noticed a five-headed hydra
 13282 | Lair:3   | Killed a three-headed hydra
 13952 | Lair:3   | Found a staircase to the Shoals.
 14413 | Lair:4   | Noticed Rupert
 14425 | Lair:4   | Mangled by Rupert

Illustrated notes

Levels and vault maps discovered:
D:1:      dpeg_arrival_round_c, layout_loops_ring, minmay_fountain_box,
          wander_ebering_terrifying_dragon_lair
D:2:      layout_basic, minmay_misc_feat_nine_boxes, kennysheep_generic_room_2
D:3:      layout_rooms, kennysheep_generic_room_6, uniq_jessica, uniq_ijyb
D:4:      layout_loops_ring, uniq_blork_the_orc, uniq_duvessa
D:5:      layout_basic, mainiacjoe_overflow_brackets, minmay_temple_entry_wispy,
          serial_shops, kennysheep_mini_moat, shop,
          nicolae_shop_tiny_waterfront, shop
D:6:      layout_rooms, gammafunk_temple_overflow_elements, enter_ossuary_3,
          uniq_menkaure
D:7:      layout_gridville, dk_rats_in_the_wall
D:8:      layout_basic, dpeg_oklobed_lair, gammafunk_ghost_hydra_chop
D:9:      cheibrodos_frozen_isle, layout_gridville, zin_treasury,
          lemuel_tele_altar, orc_0_dummy, gammafunk_ghost_necromancy
D:10:     layout_cross, serial_park_tiny_pond, minmay_fractal_squares_gapless_5,
          uniq_lodul
Lair:1:   layout_layer_cave, serial_bayou_shore_b
Lair:2:   layout_layer_cave, nicolae_snake_entry_squirm
Lair:3:   layout_roguey, minmay_shoals_entry_hut,
          chequers_serial_rivers_large_b, columned_hall_lemuel,
          lemuel_fruit_tree, infiniplex_staircase_pool
Lair:4:   layout_gridlike, serial_bayou_lake_a, serial_bayou_shore_a,
          grunt_megastairs_5, uniq_rupert, uniq_kirke

Skill      XL: |  1  2  3  4  5  6  7  8  9 10 11 12 |
---------------+-------------------------------------+-----
Axes           | 4 5 6 7 9 10 12 13 | 13.1
Armour         | 3 4 5 6 7 9 10 12 | 12.9
Fighting       | 4 5 6 7 9 10 12 13 | 13.2
Dodging        | 3 4 5 6 8 9 11 | 11.8

Action                     |  1- 3 |  4- 6 |  7- 9 | 10-12 || total
---------------------------+-------+-------+-------+-------++-------
  Melee: Hand axe          |   107 |    81 |   208 |    69 ||   465
         Headbutt          |    11 |    18 |    67 |    97 ||   193
         War axe           |       |       |    54 |   242 ||   296
         Trident           |       |       |       |    48 ||    48
 Invoke: Berserk           |     1 |     2 |     3 |     6 ||    12
    Use: Scroll            |       |       |       |     2 ||     2
   Stab: Sleeping          |     2 |       |       |       ||     2
 Armour: Animal skin       |    22 |     1 |       |       ||    23
         Ring mail         |       |    13 |       |       ||    13
         Chain mail        |       |     4 |    76 |       ||    80
         Plate armour      |       |       |    36 |   150 ||   186
  Dodge: Dodged            |    72 |    33 |   136 |   205 ||   446
